 Dungeon Crawl Stone Soup version 0.19-a0-719-gcc390b8 (webtiles) character file.

494 Arkorax the Skirmisher (level 7, -2/38 HPs)
             Began as a Vine Stalker Berserker on June 21, 2016.
             Was a Priest of Trog.
             Slain by an iguana (8 damage)
             ... on level 4 of the Dungeon.
             The game lasted 00:03:22 (3065 turns).

Arkorax the Skirmisher (Vine Stalker Berserker)     Turns: 3065, Time: 00:03:22

Health: -2/38      AC:  3    Str: 19    XL:     7   Next: 15%
Magic:  0/8        EV: 12    Int: 13    God:    Trog [***...]
Gold:   95         SH:  4    Dex: 16    Spells: 0 memorised, 6 levels left

rFire  . . .     SeeInvis .     k - +1 dagger (speed)
rCold  + . .     Gourm    .     u - +0 leather armour
rNeg   . . .     Faith    .     y - +0 buckler
rPois  .         Spirit   +     (no helmet)
rElec  .         Dismiss  .     (no cloak)
rCorr  .         Reflect  .     (no gloves)
SustAt .         Harm     .     (no boots)
MR     ++...                    z - amulet of rage
Stlth  +.........               A - +6 ring of intelligence
                                w - ring of protection from cold

@: regenerating, very resistant to hostile enchantments, very unstealthy
A: fangs 2, regeneration 2, magic shield, antimagic bite, no device heal 3, rot
immunity
a: Berserk, Trog's Hand, Burn Spellbooks, Renounce Religion, Evoke Berserk Rage


You were on level 4 of the Dungeon.
You worshipped Trog.
Trog was most pleased with you.
You were hungry.

You visited 1 branch of the dungeon, and saw 4 of its levels.

You collected 95 gold pieces.

Inventory:

Hand Weapons
 a - a +0 short sword
 k - a +1 dagger of speed (weapon)
Missiles
 n - 2 throwing nets (quivered)
Armour
 b - a +0 animal skin
 u - a +0 leather armour (worn)
 y - a +0 buckler (worn)
Jewellery
 w - a ring of protection from cold (left hand)
 z - an amulet of rage (around neck)
 A - a +6 ring of intelligence (right hand)
Wands
 l - a wand of slowing (20/48)
Scrolls
 d - a scroll of enchant armour {unknown}
 g - 2 scrolls of random uselessness {unknown}
 i - 3 scrolls of remove curse {unknown}
 m - a scroll of fog {unknown}
 q - a scroll of identify {unknown}
 r - 2 scrolls of immolation {unknown}
 t - a scroll of recharging {unknown}
 x - 2 scrolls of enchant weapon {unknown}
 B - a scroll of magic mapping {unknown}
Potions
 e - a potion of cure mutation {unknown}
 j - a potion of mutation {unknown}
 p - 4 potions of curing {unknown}
 s - a potion of flight {unknown}
 v - a potion of haste {unknown}
Comestibles
 c - a bread ration
 f - 2 meat rations
 h - a slice of pizza
 o - 2 royal jellies


   Skills:
 + Level 4.9 Fighting
 + Level 4.7 Short Blades
 - Level 1.5 Armour
 + Level 2.9 Dodging
 * Level 1.3 Shields


You had 6 spell levels left.
You didn't know any spells.

Dungeon Overview and Level Annotations

Branches:
Dungeon (4/15)
 Temple: D:4-7

Altars:
Dithmenos
Sif Muna
Yredelemnul


Innate Abilities, Weirdness & Mutations

You have extremely sharp teeth.
You heal very quickly.
When hurt, damage is shared between your health and your magic reserves.
Your bite disrupts and absorbs the magic of your enemies.
Potions and wands cannot restore your health.
You are immune to rotting.


Message History

You hit the iguana. Your bite misses the iguana.
The iguana is heavily wounded.
You hit the iguana but do no damage. You bite the iguana, but do no damage.
The iguana is heavily wounded.
You hit the iguana. You bite the iguana, but do no damage.
The iguana is heavily wounded.
The iguana bites you!
You hit the iguana but do no damage.
The iguana is heavily wounded.
You hit the iguana. Your bite misses the iguana.
The iguana is severely wounded.
The iguana bites you!
* * * LOW HITPOINT WARNING * * *
You are too injured to fight recklessly!
You are too injured to fight recklessly!
You are too injured to fight recklessly!
Your skin crawls.
You feel resistant to hostile enchantments.
You feel somewhat more hungry. The iguana bites you!
You die...

#...# #.###...#..
#...######.........
.....#.......#...## ##
.....#.......#...# .
.............#...# .#
.................##.#
##..........###..#..#
##.............<.l..#
.#.#.#.......##.@#..#
.#............#..#..#
............#.#..#....
.#..........#....#.####
.#..........##...#..
##..........##...###
##..........##...#
............##...#
.......(...###....


You could see an iguana.

Vanquished Creatures
  An ogre (D:4)
  A scorpion (D:4)
  A hound (D:4)
  An orc wizard (D:3)
  Jessica (D:2)
  An iguana (D:4)
  4 worker ants (D:4)
  8 adders
  4 worms
  A dart slug (D:2)
  8 orcs (D:3)
  3 bats
  3 giant cockroaches
  9 goblins
  8 hobgoblins
  9 jackals
  4 kobolds
  3 ball pythons
  3 giant newts
  4 rats
77 creatures vanquished.

Notes
Turn   | Place    | Note
--------------------------------------------------------------
     0 | D:1      | Arkorax the Vine Stalker Berserker began the quest for the Orb.
     0 | D:1      | Reached XP level 1. HP: 11/11 MP: 2/2
   199 | D:1      | Reached XP level 2. HP: 12/16 MP: 1/3
   558 | D:2      | Reached XP level 3. HP: 15/20 MP: 1/4
   751 | D:2      | Reached ** piety under Trog
   806 | D:2      | Reached XP level 4. HP: 9/24 MP: 5/5
  1217 | D:2      | Noticed Jessica
  1224 | D:2      | Killed Jessica
  1574 | D:3      | Reached XP level 5. HP: 29/29 MP: 4/6
  1634 | D:3      | Found a shadowy altar of Dithmenos.
  2576 | D:3      | Reached *** piety under Trog
  2606 | D:4      | Gained mutation: You heal very quickly. [Vine Stalker growth]
  2606 | D:4      | Reached XP level 6. HP: 34/34 MP: 7/7
  2960 | D:4      | Found a deep blue altar of Sif Muna.
  2977 | D:4      | Reached skill level 1 in Shields
  2977 | D:4      | Reached XP level 7. HP: 38/38 MP: 8/8
  3004 | D:4      | Found a basalt altar of Yredelemnul.
  3065 | D:4      | Slain by an iguana

Vault maps used:
D:1:      onia_arrival_mini_spirals, minmay_misc_feat_rows
D:2:      uniq_jessica
D:3:      nicolae_overflow_crystal_walls, nicolae_overflow_hidden_temple,
          serial_park_tiny_pond, minmay_misc_feat_secret_circle
D:4:      old_standard_altar, yredelemnul_altar_generic,
          kennysheep_another_room, kennysheep_generic_room_12

Skill      XL: |  1  2  3  4  5  6 |
---------------+-------------------+-----
Fighting       | 3 4 |  4.9
Short Blades   | 3 4 |  4.7
Dodging        | 2 |  2.9
Shields        | 1 |  1.3
Armour         | |  1.5

Action                   |  1- 3 |  4- 6 |  7- 9 || total
-------------------------+-------+-------+-------++-------
Melee: Short sword       |    42 |       |       ||    42
       Bite              |    19 |    78 |     4 ||   101
       Dagger            |    52 |   245 |    10 ||   307
Invok: Berserk           |     1 |     4 |       ||     5
       Trog's Hand       |       |     2 |     1 ||     3
 Stab: Sleeping          |       |     3 |       ||     3
  Eat: Chunk             |     1 |     6 |       ||     7
       Meat ration       |       |     1 |       ||     1
Armor: Animal skin       |    13 |     1 |       ||    14
       Leather armour    |       |    20 |       ||    20
Dodge: Dodged            |    50 |    70 |     1 ||   121
Block: Buckler           |       |     5 |       ||     5
